 Dungeon Crawl Stone Soup version 0.28.0-53-g5a82cb258f (webtiles) character file.

Game seed: 16511407822509448822

17871 sanboga the Grappler (level 12, -8/184 HPs)
             Began as a Troll Berserker on Aug 13, 2022.
             Was a High Priest of Trog.
             Mangled by a two-headed ogre
             ... wielding a +0 giant club
              (28 damage)
             ... on level 11 of the Dungeon.
             The game lasted 00:18:12 (9805 turns).

sanboga the Grappler (Troll Berserker)              Turns: 9805, Time: 00:18:12

Health: -8/184     AC:  8    Str: 32    XL:     12   Next: 22%
Magic:  11/11      EV: 16    Int:  3    God:    Trog [*****.]
Gold:   385        SH:  5    Dex:  9    Spells: 11/11 levels left

rFire   + . .      SeeInvis .     - Unarmed
rCold   + . .      Faith    .   (no shield)
rNeg    . . .      Spirit   .   q - +2 robe {rC+ rF+}
rPois   .          Reflect  +   (helmet restricted)
rElec   .          Harm     .   n - +1 cloak
rCorr   .          Rampage  .   (gloves unavailable)
Will    .....                   (boots unavailable)
Stlth   ..........              u - amulet of reflection
HPRegen 1.20/turn               h - +4 ring of evasion
MPRegen 0.12/turn               (no ring)

@: berserking, very quick
A: large, unfitting armour, claws 3, regeneration 1, shaggy fur 1, tough skin 1
a: Renounce Religion, Berserk, Trog's Hand, Brothers in Arms


You were on level 11 of the Dungeon.
You worshipped Trog.
Trog was extremely pleased with you.
You visited 1 branch of the dungeon, and saw 12 of its levels.
You also visited: Sewer.

You collected 716 gold pieces.
You spent 331 gold pieces at shops.

Inventory:

Hand Weapons
 C - a +0 scimitar of flaming
Armour
 n - a +1 cloak (worn)
 q - a +2 robe of resistance (worn)
Jewellery
 h - a +4 ring of evasion (left claw)
 u - an amulet of reflection (around neck)
Wands
 t - a wand of digging (13)
 x - a wand of paralysis (5)
 A - a wand of mindburst (7)
 D - a wand of charming (10)
Scrolls
 f - 2 scrolls of summoning
 j - 2 scrolls of blinking
 o - 3 scrolls of fog
 s - 2 scrolls of silence
 v - a scroll of holy word
 y - a scroll of enchant weapon
Potions
 a - 3 potions of flight
 b - a potion of might
 c - 2 potions of mutation
 d - 2 potions of heal wounds
 e - 2 potions of invisibility
 g - 4 potions of haste
 k - 4 potions of curing
 l - a potion of berserk rage {unknown}
 m - a potion of magic {unknown}
 p - a potion of resistance {unknown}
 r - a potion of degeneration {unknown}
 w - 2 potions of cancellation {unknown}
 z - 2 potions of attraction {unknown}


   Skills:
 + Level 9.0 Fighting
 + Level 9.0 Dodging
 * Level 14.5 Unarmed Combat


You had 11 spell levels left.
You didn't know any spells.
Your spell library was empty.

Dungeon Overview and Level Annotations

Branches:
Dungeon (12/15)            Temple (0/1) D:5            Lair (0/6) D:11
    Orc (0/2) D:9           Sewer (visited)

Altars:
Gozag
Qazlal

Shops:
D:3 [   D:6 *   D:8 *


Innate Abilities, Weirdness & Mutations

You are too large for most types of armour.
You have claws for hands.
Your natural rate of healing is unusually fast.
You are covered in fur. (AC +1)
You have tough skin. (AC +1)


Message History

The two-headed ogre completely misses you.
The electric eel shoots out a bolt of lightning at you!
The bolt of electricity hits you.
There is a stone staircase leading up, spattered with blood here.
The vampire mosquito bites you but does no damage.
Something hits you!
The vampire mosquito closely misses you.
The two-headed ogre hits you with a +0 giant club!! x2
Something barely misses you. The vampire mosquito misses you.
The electric eel shoots out a bolt of lightning at you!
The bolt of electricity misses you. The bolt of electricity hits you!
The vampire mosquito closely misses you.
Something barely misses you. You block the two-headed ogre's attack.
The two-headed ogre hits you with a +0 giant club!
* * * LOW HITPOINT WARNING * * *
You climb upwards.
Reactivating autopickup.
There is a stone staircase leading down here.
A red film seems to cover your vision as you go berserk!
You feel yourself moving faster!
You feel mighty! Something hits you!
* * * LOW HITPOINT WARNING * * *
Deactivating autopickup; reactivate with Ctrl-A.
The vampire mosquito misses you. Something hits you.
* * * LOW HITPOINT WARNING * * *
You block the vampire mosquito's attack.
You mangle the two-headed ogre!!
The two-headed ogre is heavily wounded.
The vampire mosquito bites you but does no damage.
The two-headed ogre barely misses you.
The two-headed ogre hits you with a +0 giant club!!
* * * LOW HITPOINT WARNING * * *
You scratch the two-headed ogre.
The two-headed ogre is heavily wounded.
Something closely misses you. The vampire mosquito misses you.
You mangle the two-headed ogre!!
The two-headed ogre is almost dead.
The vampire mosquito misses you. Something hits you.
* * * LOW HITPOINT WARNING * * *
The two-headed ogre hits you with a +0 giant club!!
You die...

#### ############ #...
#..........# #...
#..........# #...
#..........# #...
#..†.......#####...
#y@........'..##...
#.O........##..#...
#..........###.'...
#..........# ###...
#..........# ####
#####.###### #.
########.### #.
#..........# ######'
#.<........#####......


You could see a two-headed ogre and a vampire mosquito.

Vanquished Creatures
  A hydra (D:11)
  A boulder beetle (D:11)
  5 two-headed ogres
  Urug (D:11)
  Sonja (D:11)
  An ugly thing (D:11)
  A manticore (D:9)
  2 cyclopes (D:9)
  Psyche (D:8)
  An unseen horror (D:11)
  An efreet (D:9)
  Grinder (D:3)
  A hornet (D:9)
  A meliai zombie (D:10)
  2 vampires (D:11)
  A shadow (D:11)
  2 wraiths
  A wyvern (D:11)
  10 yaks
  3 basilisks (D:11)
  Grum (D:11)
  6 steam dragons
  4 vampire mosquitoes
  Menkaure (D:6)
  A warg (D:9)
  An acid dragon (D:10)
  3 water moccasins
  An ice beast (D:5)
  5 orc warriors
  3 ogres
  A sky beast (D:7)
  2 necrophages
  2 wolves (D:11)
  The ghost of Whoops the Skirmisher, an amateur DsFi (D:4)
  7 centaurs
  2 phantoms
  6 kobold brigands
  3 bullfrogs
  4 gnoll sergeants
  A water moccasin zombie (D:6)
  A wyvern zombie (D:7)
  2 scorpions (D:6)
  A water moccasin skeleton (D:6)
  8 killer bees
  5 wights (D:8)
  5 howler monkeys
  2 centaur zombies (D:9)
  A bullfrog zombie (D:6)
  Crazy Yiuf (D:4)
  2 hounds
  6 orc priests
  A jelly (D:7)
  A centaur skeleton (D:4)
  8 orc wizards
  Natasha (thrice) (D:3)
  2 iguanas
  A hound skeleton (D:4)
  A howler monkey zombie (D:8)
  9 gnolls
  23 adders
  6 river rats (Sewer)
  A shadow imp (D:6)
  A white imp (D:6)
  An ufetubus (D:4)
  A worm (D:3)
  3 dart slugs
  25 orcs
  10 bats
  11 endoplasms
  4 giant cockroaches
  6 goblins
  8 hobgoblins
  3 jackals (D:1)
  4 quokkas
  21 ball pythons
  6 frilled lizards
  34 kobolds
  33 rats
354 creatures vanquished.

Vanquished Creatures (collateral kills)
  A wraith (D:6)
1 creature vanquished.

Vanquished Creatures (others)
  An acid dragon (D:11)
  2 fungi (D:1)
  3 plants (D:1)
6 creatures vanquished.

Grand Total: 361 creatures vanquished

Notes
Turn   | Place    | Note
-------+----------+-------------------------------------------
     0 | D:1      | sanboga the Troll Berserker began the quest for the Orb.
     0 | D:1      | Reached XP level 1. HP: 22/22 MP: 0/0
   123 | D:1      | Reached XP level 2. HP: 28/29 MP: 1/1
   135 | D:1      | Found a faded altar of an unknown god.
   446 | D:1      | Reached XP level 3. HP: 36/36 MP: 2/2
   480 | D:1      | Reached ** piety under Trog
   713 | D:2      | Reached skill level 4 in Unarmed Combat
   755 | D:2      | Reached XP level 4. HP: 38/44 MP: 3/3
   783 | D:2      | Identified the +6 dagger of Imminent Death {distort, rElec
                  | Str+3}
  1169 | D:3      | Found a glowing drain.
  1183 | Sewer    | Entered a sewer
  1216 | Sewer    | Reached XP level 5. HP: 53/53 MP: 4/4
  1220 | Sewer    | Reached *** piety under Trog
  1406 | Sewer    | Reached skill level 5 in Unarmed Combat
  1547 | Sewer    | Reached XP level 6. HP: 61/61 MP: 5/5
  1620 | D:3      | Noticed Natasha
  1622 | D:3      | Killed Natasha
  1635 | D:3      | Noticed Grinder
  1649 | D:3      | Killed Grinder
  1650 | D:3      | Reached skill level 6 in Unarmed Combat
  1650 | D:3      | Reached XP level 7. HP: 39/70 MP: 6/6
  1737 | D:3      | Reached **** piety under Trog
  1832 | D:3      | Noticed Natasha
  1845 | D:3      | Killed Natasha
  1943 | D:3      | Found Qulyphecw's Antique Armour Emporium.
  1953 | D:3      | Bought an embroidered robe for 103 gold pieces
  1961 | D:3      | Noticed Natasha
  1967 | D:3      | Killed Natasha
  2004 | D:3      | Found a stormy altar of Qazlal.
  2464 | D:4      | Found a large runed translucent door.
  2473 | D:4      | Found a large runed translucent door.
  2476 | D:4      | Noticed Whoops's ghost (amateur DsFi)
  2496 | D:4      | Killed Whoops's ghost
  2497 | D:4      | Reached skill level 7 in Unarmed Combat
  2521 | D:4      | Reached XP level 8. HP: 68/79 MP: 7/7
  2626 | D:4      | Found a runed translucent door.
  2627 | D:4      | Noticed Crazy Yiuf
  2814 | D:4      | Killed Crazy Yiuf
  2923 | D:4      | Reached ***** piety under Trog
  3146 | D:3      | Bought a runed robe for 103 gold pieces
  3205 | D:5      | Entered Level 5 of the Dungeon
  3290 | D:5      | Reached skill level 5 in Fighting
  3290 | D:5      | Reached skill level 8 in Unarmed Combat
  3463 | D:5      | Reached skill level 5 in Dodging
  3657 | D:5      | Identified the +4 ring mail of the Sun {Dex+3}
  3749 | D:5      | Found a staircase to the Ecumenical Temple.
  3969 | D:6      | Reached XP level 9. HP: 88/88 MP: 8/8
  4009 | D:6      | Reached skill level 9 in Unarmed Combat
  4216 | D:6      | Noticed Menkaure
  4221 | D:6      | Killed Menkaure
  4341 | D:6      | Found Zuvvaenoku's Assorted Antiques.
  4348 | D:6      | Bought a scroll labelled HAZIS HIS GYTS for 21 gold pieces
  4724 | D:7      | Reached skill level 10 in Unarmed Combat
  4755 | D:7      | You fall into a shaft and drop 2 floors!
  4902 | D:9      | Found a staircase to the Orcish Mines.
  5371 | D:7      | Reached XP level 10. HP: 100/100 MP: 9/9
  5861 | D:8      | Noticed Psyche
  5868 | D:8      | Killed Psyche
  5876 | D:8      | Reached skill level 11 in Unarmed Combat
  5956 | D:8      | Found Mytsuwof's Changing Room.
  5975 | D:8      | Bought a potion of mutation for 104 gold pieces
  6280 | D:8      | Noticed a two-headed ogre
  6291 | D:8      | Killed a two-headed ogre
  6292 | D:8      | Reached skill level 12 in Unarmed Combat
  6506 | D:9      | Noticed a two-headed ogre
  6511 | D:9      | Killed a two-headed ogre
  6628 | D:9      | Received a gift from Trog
  7038 | D:9      | Reached XP level 11. HP: 97/109 MP: 10/10
  7137 | D:9      | Reached ****** piety under Trog
  7310 | D:9      | Reached skill level 13 in Unarmed Combat
  7753 | D:10     | Entered Level 10 of the Dungeon
  8683 | D:11     | Noticed a purple ugly thing
  8688 | D:11     | Killed a purple ugly thing
  8693 | D:11     | Found an opulent altar of Gozag.
  8703 | D:11     | Noticed Sonja
  8710 | D:11     | Killed Sonja
  8726 | D:11     | Noticed Grum
  8734 | D:11     | Noticed a two-headed ogre
  8742 | D:11     | Killed Grum
  8747 | D:11     | Killed a two-headed ogre
  8894 | D:11     | Noticed an eight-headed hydra
  8902 | D:11     | HP: 8/169 [six-headed hydra (9)]
  8903 | D:11     | Killed a five-headed hydra
  9052 | D:11     | Noticed Urug
  9060 | D:11     | Killed Urug
  9061 | D:11     | Reached skill level 14 in Unarmed Combat
  9166 | D:11     | Noticed a two-headed ogre
  9170 | D:11     | Killed a two-headed ogre
  9171 | D:11     | Reached XP level 12. HP: 122/122 MP: 11/11
  9226 | D:11     | Noticed a two-headed ogre
  9233 | D:11     | Killed a two-headed ogre
  9322 | D:11     | Noticed a boulder beetle
  9328 | D:11     | Killed a boulder beetle
  9505 | D:11     | Found a staircase to the Lair.
  9699 | D:12     | Noticed an eight-headed hydra
  9718 | D:12     | Noticed a two-headed ogre
  9805 | D:11     | Mangled by a two-headed ogre

Illustrated notes

Levels and vault maps discovered:
D:1:      dpeg_arrival_boxorama, layout_loops_cross,
          shapermc_ecumenical_altar_mp_ritualfount
D:2:      layout_basic, mrwooster_statue_mirror, minmay_circle_x
D:3:      layout_basic, nicolae_qazlal_scattered_showers, serial_shops, shop,
          portal_sewer_entry_a, uniq_natasha, uniq_grinder
D:4:      cheibrodos_quashed, layout_basic, ebering_ghost_disaster_area,
          uniq_crazy_yiuf_cottage
D:5:      layout_loops_ring, minmay_temple_entry_statues_fountains
D:6:      layout_loops_ring, serial_shops, nicolae_shop_statue_plus,
          uniq_menkaure
D:7:      layout_loops_ring, lightli_corner_chamber
D:8:      layout_basic, st_stairs_6, nicolae_transmutations_shop, uniq_psyche
D:9:      layout_layer_cave, erik_orc_4, nzn_random_ring
D:10:     layout_basic, lemuel_flame_loot_1
D:11:     layout_roguey, erik_lair_dragon, grunt_gozag_statues, uniq_grum,
          uniq_sonja, uniq_urug
D:12:     hellmonk_warped_wall, layout_irregular_city, gauntlet_entry_generic

Skill      XL: |  1  2  3  4  5  6  7  8  9 10 11 12 |
---------------+-------------------------------------+-----
Unarmed Combat | 4 5 6 7 8 10 12 14 | 14.5
Fighting       | 3 4 5 6 7 8 9 |  9.0
Dodging        | 3 4 5 6 7 8 9 |  9.0

Action                   |  1- 3 |  4- 6 |  7- 9 | 10-12 || total
-------------------------+-------+-------+-------+-------++-------
Melee: Unarmed           |    95 |   210 |   301 |   365 ||   971
       Punch             |       |     8 |     8 |    27 ||    43
       Scimitar          |       |       |       |     4 ||     4
Invok: Berserk           |       |     2 |     5 |    11 ||    18
Evoke: Wand              |       |       |       |     2 ||     2
  Use: Scroll            |       |     5 |    12 |     6 ||    23
       Potion            |       |       |       |     2 ||     2
 Stab: Paralysed         |       |       |       |     3 ||     3
Armor: Animal skin       |    49 |   112 |    20 |       ||   181
       Robe              |       |       |    69 |   102 ||   171
Dodge: Dodged            |    58 |   204 |   143 |   301 ||   706
Block: Other             |       |       |    10 |    99 ||   109
       Reflection        |       |       |     2 |    10 ||    12
